 Dungeon Crawl Stone Soup version 0.30-a0-953-g5f1da4a474 (webtiles) character file.

Game seed: 11494063850329282939

2799 mopl the Transmogrifier (level 9, 0/48 HPs)
             Began as a Spriggan Transmuter on Mar 28, 2023.
             Was a Believer of Okawaru.
             Slain by a human
             ... wielding a +1 heavy hand axe
              (8 damage)
             ... in a bailey.
             The game lasted 00:15:42 (7017 turns).

mopl the Transmogrifier (Spriggan Transmuter)       Turns: 7017, Time: 00:15:43

Health: 0/48       AC:  4    Str: 10    XL:     9   Next: 43%
Magic:  0/25       EV: 25    Int: 14    God:    Okawaru [**....]
Gold:   372        SH:  2    Dex: 21    Spells: 6/16 levels left

rFire   . . .      SeeInvis +      - Unarmed
rCold   . . .      Faith    .    (shield currently unavailable)
rNeg    . . .      Spirit   +    a - melded +0 robe
rPois   x          Reflect  .    (helmet currently unavailable)
rElec   .          Rampage  .    (cloak currently unavailable)
rCorr   .                        (gloves unavailable)
Will    +....                    (boots unavailable)
Stlth   ++                       c - amulet of guardian spirit
HPRegen 0.28/turn                m - ring of the Octopus King {HP+2 MP+9 AC+2 EV+2 SH+2}
MPRegen 0.19/turn                x - ring of flight

@: spider-form (expiring), flying
A: venomous fangs, tiny, no large weapons, unfitting armour, see invisible,
(speed 3)
a: End Transformation, Renounce Religion, Heroism


You were in a bailey.
You worshipped Okawaru.
Okawaru was pleased with you.
You were a venomous arachnid creature.
You visited 2 branches of the dungeon, and saw 9 of its levels.
You also visited: Sewer and Bailey.

You collected 372 gold pieces.

Inventory:

Hand Weapons
 q - a +2 dagger of venom
Missiles
 h - 23 poisoned darts
 y - 3 boomerangs
 H - a curare-tipped dart
Armour
 a - a +0 robe (melded)
 G - +0 acid dragon scales
Jewellery
 c - an amulet of guardian spirit (around neck)
 e - an amulet of regeneration
 m - a ring of the Octopus King (left front pincers) {HP+2 MP+9 AC+2 EV+2 SH+2}
   (You found it on level 2 of the Dungeon)

   [ring of magical power]

   AC:        It affects your AC (+2).
   EV:        It affects your evasion (+2).
   HP:        It affects your health (+2).
   MP:        It affects your magic capacity (+9).
   SH:        It affects your SH (+2).
 x - a ring of flight (right front pincers)
 E - a ring of fire
 J - a ring of positive energy
Wands
 t - a wand of light (14)
 A - a wand of paralysis (10)
 B - a wand of roots (27)
Scrolls
 i - a scroll of fog {unknown}
 k - a scroll of summoning {unknown}
 n - a scroll of poison
 r - 2 scrolls of silence {!r}
 s - a scroll of amnesia {unknown}
 v - 3 scrolls of fear
 w - a scroll of noise {unknown}
 z - a scroll of magic mapping {unknown}
 C - a scroll of vulnerability {unknown}
 D - a scroll of blinking {unknown}
 F - a scroll of enchant armour {unknown}
 I - a scroll of teleportation {unknown}
Potions
 b - 2 potions of lignification {!q}
 d - 4 potions of ambrosia
 f - a potion of berserk rage {!q}
 g - 5 potions of attraction {unknown}
 j - 2 potions of mutation {!q}
 l - 5 potions of flight
 o - a potion of resistance
 p - 2 potions of magic
 u - 5 potions of curing


   Skills:
 + Level 4.6 Fighting
 + Level 2.7 Throwing
 + Level 4.7 Dodging
 * Level 7.3 Unarmed Combat
 - Level 4.0 Spellcasting
 + Level 8.0 Transmutations
 + Level 3.4 Invocations


You had 6 spell levels left.
You knew the following spells:

 Your Spells              Type           Power      Damage    Failure   Level
a - Beastly Appendage     Tmut           50%        N/A       4%          1
b - Spider Form           Tmut/Pois      14%        N/A       26%         3
d - Ice Form              Ice/Tmut       14%        N/A       58%         4
w - Wereblood             Tmut           25%        N/A       5%          2

Your spell library contained the following spells:

 Spells                   Type           Power      Damage    Failure   Level
 Magic Dart               Conj           8%         1d3       38%         1
 Static Discharge         Conj/Air       4%         2-3/arc   50%         2
 Mephitic Cloud           Conj/Pois/Air  2%         N/A       71%         3
 Vhi's Electric Charge    Tloc/Air       4%         N/A       71%         3
 Arcjolt                  Conj/Air       1%         1d11      100%        5
 Plasma Beam              Fire/Air       1%         2x1d8     100%        5
 Call Imp                 Summ           Unusable   N/A       N/A         2
 Malign Gateway           Summ/Tloc      Unusable   N/A       N/A         7
 Summon Horrible Things   Summ           Unusable   N/A       N/A         8

Dungeon Overview and Level Annotations

Branches:
Dungeon (8/15)             Temple (1/1) D:5           Sewer (visited)
 Bailey (1/1)
   Lair: D:8-11

Altars:
Ashenzari
Cheibriados
Elyvilon
Hepliaklqana
Kikubaaqudgha
Makhleb
Nemelex Xobeh
Okawaru
Ru
Sif Muna
Trog
Uskayaw
Vehumet
Wu Jian
Xom
Yredelemnul
Zin
The Shining One

Shops:
D:4 [


Innate Abilities, Weirdness & Mutations

You are a venomous arachnid creature.
You have venomous fangs.
You are tiny and dextrous.
Your spellcasting is less reliable in this form.
Your armour is entirely melded.
You are incapable of wielding weapons or throwing items.
You are very small and have problems with some larger weapons.
You are too small for most types of armour.
You have supernaturally acute eyesight. (SInv)
((You cover ground extremely quickly. (Speed+++)))


Message History

The human closely misses you. The gnoll barely misses you.
You hit the human.
The human looks as sick as possible!
The human is almost dead.
The gnoll completely misses you. The human barely misses you.
You hit the human.
You kill the human!
Okawaru accepts your kill. The gnoll hits you with a +0 war axe.
You hit the gnoll but do no damage. The gnoll hits you with a +0 war axe!
You hit the gnoll but do no damage.
The gnoll is poisoned.
The gnoll hits you with a +0 war axe.
You hit the gnoll.
The gnoll is severely wounded.
The gnoll completely misses you.
You hit the gnoll.
The gnoll looks as sick as possible!
The gnoll is almost dead.
The gnoll misses you.
You bite the gnoll!
You kill the gnoll!
Okawaru accepts your kill. You block the human's attack.
There is an open door here.
Things that are here:
a +0 war axe; a +0 leather armour You bite the human!
The human is poisoned.
The human is moderately wounded.
The human hits you with a +1 heavy hand axe!
You hit the human.
The human looks as sick as possible!
The human is moderately wounded.
Your transformation is almost over.
You closely miss the human.
The human is moderately wounded.
The human hits you with a +1 heavy hand axe!
* * * LOW HITPOINT WARNING * * *
You closely miss the human.
The human is heavily wounded.
You hit the human.
The human looks as sick as possible!
The human is severely wounded.
The human hits you with a +1 heavy hand axe!
You die...

#####
##...##
#.....#
#.∩.∩.#
#.....# ####
##.).##....#
#'#s#...p..
~~~#p)..#
~~~~~#...##
#~~~~~#...#
##~~~##...#
##+# ##..#
..# ###


You could see a human (extremely poisoned).

Vanquished Creatures
  Sigmund (D:3)
  A human (Bailey)
  A steam dragon (D:8)
  An acid dragon (D:7)
  A sky beast (D:7)
  4 ogres
  2 kobold brigands
  5 bullfrogs
  3 scorpions
  4 wights (D:7)
  2 howler monkeys
  A jelly (D:5)
  A sleepcap (D:6)
  5 hounds
  A gnoll bouda (D:8)
  2 orc priests
  2 iguanas
  8 orc wizards
  A statue (D:4)
  8 gnolls
  10 adders
  A river rat (Sewer)
  A shadow imp (D:7)
  A white imp (D:7)
  An ufetubus (D:6)
  2 worms
  2 dart slugs (D:1)
  27 orcs
  6 ball pythons
  5 bats
  9 endoplasms
  4 giant cockroaches
  11 hobgoblins
  20 jackals
  15 kobolds
  3 quokkas
  7 frilled lizards
  12 goblins
  7 rats
198 creatures vanquished.

Vanquished Creatures (others)
  2 plants (D:4)
2 creatures vanquished.

Grand Total: 200 creatures vanquished

Notes
Turn   | Place    | Note
-------+----------+-------------------------------------------
     0 | D:1      | mopl the Spriggan Transmuter began the quest for the Orb.
     0 | D:1      | Reached XP level 1. HP: 9/9 MP: 5/5
   315 | D:1      | Reached skill level 3 in Transmutations
   315 | D:1      | Reached XP level 2. HP: 14/14 MP: 4/6
   318 | D:1      | Learned a level 2 spell: Wereblood
   424 | D:1      | Reached skill level 3 in Spellcasting
   473 | D:1      | Reached skill level 3 in Unarmed Combat
   552 | D:1      | Reached XP level 3. HP: 17/17 MP: 6/8
   855 | D:2      | Learned a level 3 spell: Spider Form
  1045 | D:2      | Found the ring of the Octopus King
  1051 | D:2      | Reached skill level 1 in Fighting
  1051 | D:2      | Reached XP level 4. HP: 20/22 MP: 8/10
  1065 | D:2      | Identified a ring of the Octopus King {HP+2 MP+9 AC+2 EV+2
                  | SH+2}
  1753 | D:2      | Found a faded altar of an unknown god.
  1949 | D:3      | Learned a level 4 spell: Ice Form
  1969 | D:3      | Reached skill level 4 in Transmutations
  2041 | D:3      | Noticed an ogre
  2063 | D:3      | Killed an ogre
  2064 | D:3      | Reached skill level 4 in Spellcasting
  2064 | D:3      | Reached XP level 5. HP: 25/25 MP: 12/12
  2086 | D:3      | Noticed Sigmund
  2098 | D:3      | Killed Sigmund
  2099 | D:3      | Reached skill level 2 in Fighting
  2099 | D:3      | Reached skill level 4 in Unarmed Combat
  2099 | D:3      | Reached XP level 6. HP: 30/30 MP: 13/13
  2212 | D:3      | Reached skill level 5 in Transmutations
  2232 | D:3      | You fall into a shaft and drop 1 floor!
  2950 | D:4      | Found a radiant altar of Vehumet.
  3099 | D:4      | Found Suheleot's Armour Shop.
  3194 | D:3      | Reached XP level 7. HP: 26/35 MP: 14/14
  3419 | D:4      | Reached skill level 5 in Unarmed Combat
  3526 | D:4      | Found a burning altar of Makhleb.
  3772 | D:5      | Entered Level 5 of the Dungeon
  3852 | D:5      | Reached skill level 3 in Fighting
  3852 | D:5      | Reached skill level 6 in Transmutations
  4315 | D:5      | Found a staircase to the Ecumenical Temple.
  4324 | Temple   | Entered the Ecumenical Temple
  4355 | Temple   | Became a worshipper of Warmaster Okawaru
  4651 | D:5      | Reached XP level 8. HP: 26/40 MP: 15/15
  4794 | D:6      | Reached skill level 6 in Unarmed Combat
  4794 | D:6      | Reached skill level 1 in Invocations
  4984 | D:6      | Reached skill level 7 in Transmutations
  4992 | D:6      | Found a glowing drain.
  5037 | Sewer    | Entered a sewer
  5110 | Sewer    | Reached * piety under Okawaru
  5111 | Sewer    | Reached skill level 2 in Invocations
  5141 | Sewer    | Found a white marble altar of Elyvilon.
  5282 | D:6      | Reached skill level 3 in Dodging
  5419 | D:6      | Reached skill level 1 in Throwing
  5429 | D:6      | Reached skill level 4 in Fighting
  5579 | D:6      | Found a glowing golden altar of the Shining One.
  5771 | D:7      | Reached ** piety under Okawaru
  5772 | D:7      | Reached XP level 9. HP: 4/45 MP: 2/16
  6073 | D:7      | Reached skill level 2 in Throwing
  6073 | D:7      | Reached skill level 4 in Dodging
  6531 | D:8      | Reached skill level 7 in Unarmed Combat
  6535 | D:8      | Reached skill level 3 in Invocations
  6801 | D:8      | Found a flagged portal.
  6974 | Bailey   | Entered a bailey
  6990 | Bailey   | Reached skill level 8 in Transmutations
  7017 | Bailey   | Slain by a human

Illustrated notes

Levels and vault maps discovered:
D:1:      saegor_arrival_simple_a, layout_loops_ring
D:2:      layout_basic, dilly_ecumenical_altar_fadedgnrine,
          minmay_misc_feat_iff, minmay_pentomino_pile
D:3:      layout_loops_ring, minmay_misc_feat_columns, grunt_ministairs_6,
          uniq_sigmund
D:4:      layout_cave_pods, vehumet_statue, lightli_temple_of_fire,
          serial_shops, shop, hangedman_decor_opposing, corexii_shack
D:5:      layout_rooms, temple_hall, minmay_fractal_squares_diagonal_5
D:6:      layout_loops_cross, nicolae_tso_swordbearing_angel,
          gup_sewer_entry_glass
D:7:      layout_loops_ring, wad_floor_pattern_untrapped
D:8:      layout_loops_ring, enter_bailey_8, enter_ossuary_2, uniq_grum,
          uniq_maurice
Temple:   hellmonk_temple_two_chambers
Bailey:   bailey_axe_froggy_fort_hellmonk, bailey

Skill      XL: |  1  2  3  4  5  6  7  8  9 |
---------------+----------------------------+-----
Transmutations | 3 4 5 6 7 8 |  8.0
Spellcasting   | 3 4 |  4.0
Unarmed Combat | 3 4 5 6 7 |  7.3
Fighting       | 1 2 3 4 |  4.6
Invocations    | 2 3 |  3.4
Dodging        | 3 4 |  4.7
Throwing       | 1 2 |  2.7

Action                     |  1- 3 |  4- 6 |  7- 9 || total
---------------------------+-------+-------+-------++-------
  Melee: Unarmed           |   140 |   190 |   380 ||   710
         Kick              |    30 |    44 |    17 ||    91
         Headbutt          |    18 |    24 |     8 ||    50
         Punch             |     3 |     7 |     7 ||    17
  Throw: Dart              |       |     2 |       ||     2
         Boomerang         |       |       |     1 ||     1
   Cast: Beastly Appendage |    24 |    17 |    10 ||    51
         Spider Form       |       |     2 |    28 ||    30
         Wereblood         |       |       |     2 ||     2
  Evoke: Wand              |       |       |     4 ||     4
    Use: Scroll            |       |       |    10 ||    10
   Stab: Sleeping          |       |     2 |     1 ||     3
         Paralysed         |       |       |    11 ||    11
 Armour: Robe              |    12 |    15 |     7 ||    34
         Skin              |       |       |    18 ||    18
  Dodge: Dodged            |    92 |   117 |   284 ||   493
  Block: Other             |       |    12 |    18 ||    30

Table legend: (Time is in decaauts)
 A = Elapsed time spent in this place.
 B = Non-inter-level travel time spent in this place.
 C = Inter-level travel time spent in this place.
 D = Time resting spent in this place.
 E = Time spent auto-exploring this place.
 F = Levels seen in this place.
 G = Mean time per level.
                   A        B        C        D        E       F      G
               +--------+--------+--------+--------+--------+-----+--------+
         Total |   4959 |   4710 |    249 |    712 |   2361 |  11 |  450.8 |
       Dungeon |   4784 |   4542 |    242 |    712 |   2314 |   8 |  598.0 |
        Temple |     25 |     19 |      6 |      0 |      0 |   1 |   25.0 |
         Sewer |    112 |    112 |      0 |      0 |     47 |   1 |  112.0 |
        Bailey |     37 |     37 |      0 |      0 |      0 |   1 |   37.0 |
               +--------+--------+--------+--------+--------+-----+--------+

Top non-repeatable levels by time:
     D:4: 915 daAuts
     D:2: 669 daAuts
     D:6: 621 daAuts
     D:3: 606 daAuts
     D:1: 595 daAuts
     D:5: 561 daAuts
     D:7: 488 daAuts
     D:8: 326 daAuts
   Sewer: 112 daAuts
  Bailey: 37 daAuts
  Temple: 25 daAuts
